tertium, neutral male human Tourist -------------------------------- |..............................| |.-------|-------------..-----.| |.|....|..|.. |. |..-..-...|.| |.|....|..|.. |. |..|..|...|.| |.--|-----|.. -|------|..|...|.| |......|..|.. |.|..|..|.-----|.| |.----.|..-|---.|..|..|.|....|.| |.|..-.-|--..{..--||.%|.|.._.|.|# |.|..|.............-|--.|..(.|.% ..|----|--.-----|-......-....|.| ..... |.|((|...|.+ ..|---|^.a----|.| |...> |.|?(|((.|.| |..|..j..#@|...-.| | |.|..|(.(|[---|..|.....@.|...|.| |.-|------..{.--------.|a-----.| |..............................| -------------------------------- tertium the Excursionist Experience level: 8 Strength: 16 Dexterity: 12 Constitution: 15 Intelligence: 11 Wisdom: 9 Charisma: 15 Health: 0(72) Energy: 32(32) AC: 10 Gold: 0 Moves: 4787 Spells known in the end: Name Level Category Fail Memory a - restore ability 4 healing 100% [|||||||.] Your skills at the end: Fighting Skills Weapon Skills dagger [Basic / Expert] dart [Basic / Expert] Spellcasting Skills Final Attributes: You were piously aligned. Hunger level was 508. Your alignment was 33 / 33. Monster difficulty range was 0 - 6. Level difficulty was 5. You were a wererat. You were fast. You were unlucky (-2). The Lady was angry with you (1). You are dead. Vanquished creatures: a large mimic a leprechaun a gnome king a werewolf a raven a gnome mummy an imp a fog cloud a shrieker a violet fungus 4 gnome lords 2 gnomish wizards a ghoul a paper golem a wax golem a giant ant 2 kittens 5 dwarves 3 homunculi 8 hill orcs a rabid rat 2 giant bats 4 monkeys a werejackal 7 iguanas a coyote a hobbit 3 manes a hobgoblin a giant rat a red mold 19 gnomes 4 garter snakes 3 geckos 12 jackals a fox a kobold a goblin 2 sewer rats 6 grid bugs 3 lichens 6 newts 119 creatures vanquished. Voluntary challenges: You used a wielded weapon 197 times. You read items or engraved 5 times. You put on armor 18 times. You never genocided any monsters. You never polymorphed an object. You changed form 2 times. You used no wishes. You abstained from Elbereth's help. You never encountered a bones level. You never used any Sokoban shortcuts. Dungeon overview: The Dungeons of Doom: levels 1 to 7 Level 1 a long staircase Level 2 (gold) a fountain stairs to The Gnomish Mines Level 5 some fountains Level 6 some fountains The Gnomish Mines: levels 3 to 5 Level 3 stairs to The Dungeons of Doom Level 5 <- You were here many shops, a temple to The Lady, a magic chest, some fountains, a sink History has recorded: On T:1 you entered the Dungeons of Doom to retrieve the Amulet of Yendor! On T:253 you reached level 2 of The Dungeons of Doom. On T:273 you reached level 3 of The Dungeons of Doom. On T:696 you reached level 1 of The Gnomish Mines. On T:699 you advanced to experience level 2. On T:780 you advanced to experience level 3. On T:806 you advanced to experience level 4. On T:1371 you advanced to experience level 5. On T:1427 you reached level 4 of The Dungeons of Doom. On T:1993 you advanced to experience level 6. On T:2268 you reached level 5 of The Dungeons of Doom. On T:2568 you reached level 6 of The Dungeons of Doom. On T:3028 you reached level 7 of The Dungeons of Doom. On T:3311 you advanced to experience level 7. On T:3776 you reached level 2 of The Gnomish Mines. On T:3862 you reached level 3 of The Gnomish Mines. On T:4338 you advanced to experience level 8. Latest messages: There is a doorway here. There are many objects here. You miss it. [HP+1=63] You miss it. The snow ant bites! (2x) You're covered in frost! The snow ant bites! (2x) You're covered in frost! [HP-19=44] You hit it. The snow ant bites! (2x) You're covered in frost! [HP-11=33] You miss it. The snow ant bites! (2x) You're covered in frost! The snow ant bites! (2x) You're covered in frost! [HP-25=8] [HP+1=9] [HP+1=10] The snow ant bites! (2x) You're covered in frost! [HP-8=2] The snow ant bites! You die... Not carrying anything. Final status: Aloha tertium the Tourist... You died in The Gnomish Mines on dungeon level 5 with 4510 points, and 0 pieces of gold, after 4787 moves. You were level 8 with a maximum of 72 hit points when you died.